[Event "Titled Tuesday Blitz April 26 Early 2022"]
[White "Guseva, Marina"]
[Black "Vokhidov, Shamsiddin"]
[WhiteFideId "4149351"]
[BlackFideId "14204223"]
[WhiteElo "2071"]
[BlackElo "2611"]
[Result "0-1"]
[Round "11"]
[TimeControl "180+1"]
[Date "2022.04.26"]
[WhiteClock "0:00:04"]
[BlackClock "0:00:16"]

1. d4 Nf6 2. Nf3 d5 3. Bf4 c5 4. e3 Nc6 5. Nbd2 Nh5 6. Be5 f6 7. c4 fxe5 8. cxd5 Qxd5 9. Bc4 Qd8 10. Ng5 Nf6 11. Nf7 Qd7 12. dxe5 e6 13. Nxh8 Nxe5 14. Qb3 a6 15. Rd1 b5 16. Be2 Qc7 17. Nf3 c4 18. Qc3 Nc6 19. O-O Bd7 20. Nd4 Bd6 21. g3 Ke7 22. Bf3 Rxh8 23. Qd2 Nxd4 24. exd4 Kf7 25. Rfe1 Re8 26. Rc1 Bc6 27. Bxc6 Qxc6 28. b3 Nd5 29. bxc4 bxc4 30. Qc2 h6 31. Qxc4 Qxc4 32. Rxc4 a5 33. Rc6 Rd8 34. Rb1 a4 35. Rb7+ Kf6 36. Ra6 a3 37. Raa7 Be7 38. Kg2 h5 39. Ra6 Rc8 40. Rb5 Kf7 41. Rb3 Rc2 42. Rf3+ Nf6 43. Ra7 Rxa2 44. Rb3 Nd5 45. Rf3+ Kg6 46. Rb3 Rb2 47. Rf3 a2 48. Ra6 Nf6 49. Re3 Bb4 50. Rexe6 Bc3 51. Re5 Bxd4 52. Rea5 Rxf2+ 53. Kh3 a1=Q 54. Rxa1 Bxa1 55. Rxa1 Ng4 56. Rh1 Kg5 0-1


[Site "https://www.chess.com"]

[Event "Titled Tuesday Blitz April 26 Early 2022"]
[White "Hartikainen, Jarmo"]
[Black "Rosenberg, Evan S"]
[WhiteFideId "503134"]
[BlackFideId "2019299"]
[WhiteElo "2128"]
[BlackElo "2332"]
[Result "0-1"]
[Round "11"]
[TimeControl "180+1"]
[Date "2022.04.26"]
[WhiteClock "0:00:14"]
[BlackClock "0:00:10"]

1. e4 c6 2. d4 d5 3. Nc3 dxe4 4. Nxe4 Bf5 5. Ng3 Bg6 6. h4 h6 7. Bc4 Nf6 8. N1e2 Nd5 9. Nf4 Nxf4 10. Bxf4 e6 11. c3 Bd6 12. Qf3 Bxf4 13. Qxf4 O-O 14. O-O Nd7 15. Rfe1 Qf6 16. Qxf6 Nxf6 17. a4 a5 18. Rad1 Rfd8 19. Bd3 Bxd3 20. Rxd3 b5 21. axb5 cxb5 22. Re5 Rd5 23. Rxd5 Nxd5 24. Ne4 b4 25. cxb4 axb4 26. Rb3 Ra1+ 27. Kh2 Rd1 28. Nc5 Rxd4 29. Na6 Rxh4+ 30. Kg3 g5 31. f3 Rc4 32. Kf2 h5 33. Kg3 Kg7 34. Kf2 h4 35. Kf1 f5 36. Ke2 g4 37. fxg4 fxg4 38. Kf2 Kg6 39. Kf1 Kg5 40. Kf2 Kf4 41. Ke1 Re4+ 42. Kf1 Ne3+ 43. Kg1 Nc2 44. Rxb4 Nxb4 45. Nxb4 Rxb4 46. Kf1 Rxb2 47. Ke1 Rxg2 48. Kd1 h3 0-1


[Site "https://www.chess.com"]

[Event "Titled Tuesday Blitz April 26 Early 2022"]
[White "Hasangatin, Ramil"]
[Black "Aaditya Dhingra"]
[WhiteFideId "4122160"]
[BlackFideId "25678191"]
[WhiteElo "2375"]
[BlackElo "1849"]
[Result "1-0"]
[Round "11"]
[TimeControl "180+1"]
[Date "2022.04.26"]
[WhiteClock "0:00:45"]
[BlackClock "0:00:02"]

1. e4 e5 2. Nf3 Nc6 3. Bb5 a6 4. Ba4 Nf6 5. Bxc6 dxc6 6. d3 Nd7 7. Be3 c5 8. Nbd2 Bd6 9. Nc4 O-O 10. a4 Qe7 11. a5 Rb8 12. O-O b5 13. axb6 cxb6 14. Qd2 Bc7 15. Qc3 Bb7 16. Rfb1 Rbc8 17. b3 f5 18. exf5 Bxf3 19. gxf3 Rxf5 20. Nd2 Rh5 21. Rxa6 Qh4 22. Kf1 Qxh2 23. Ke2 Nf6 24. Qc4+ Kh8 25. Rba1 Qh3 26. Ra8 Qd7 27. Rxc8+ Qxc8 28. Qf7 Rf5 29. Ra7 Ne8 30. Qe7 h6 31. Ne4 Kh7 32. Ng3 Rf6 33. Nh5 Rg6 34. Qf7 Bd6 35. Rd7 Nc7 36. Nxg7 Qxd7 37. Qxd7 Rxg7 38. Qxd6 1-0


[Site "https://www.chess.com"]

[Event "Titled Tuesday Blitz April 26 Early 2022"]
[White "Jaferian, Koosha"]
[Black "Xu, Yi"]
[WhiteFideId "12507440"]
[BlackFideId "8605564"]
[WhiteElo "2030"]
[BlackElo "2471"]
[Result "1/2-1/2"]
[Round "11"]
[TimeControl "180+1"]
[Date "2022.04.26"]
[WhiteClock "0:01:12"]
[BlackClock "0:00:49"]

1. Nf3 Nf6 2. b3 b5 3. g3 Bb7 4. Bg2 e6 5. Bb2 a6 6. O-O Be7 7. d4 O-O 8. Nbd2 d6 9. c4 Nbd7 10. e3 c5 11. Qe2 Qc7 12. Rac1 b4 13. Rfd1 Rfd8 14. Ne1 Bxg2 15. Kxg2 a5 16. Qf3 a4 17. Nd3 Nf8 18. Ne4 axb3 19. axb3 Ng6 20. h4 Nxe4 21. Qxe4 Rab8 22. h5 Nf8 23. h6 Bf6 24. hxg7 Bxg7 25. dxc5 dxc5 26. Bxg7 Kxg7 27. Qg4+ Ng6 28. Nf4 Qe5 29. Nh5+ Kf8 30. Rxd8+ Rxd8 31. Rd1 Rxd1 32. Qxd1 Ke7 33. Qf3 1/2-1/2


[Site "https://www.chess.com"]

[Event "Titled Tuesday Blitz April 26 Early 2022"]
[White "Jaracz, Pawel"]
[Black "Seo, Jung Min"]
[WhiteFideId "1102222"]
[BlackFideId "1734687"]
[WhiteElo "2429"]
[BlackElo "2401"]
[Result "0-1"]
[Round "11"]
[TimeControl "180+1"]
[Date "2022.04.26"]
[WhiteClock "0:00:02"]
[BlackClock "0:00:06"]

1. e4 c5 2. Nf3 d6 3. d4 cxd4 4. Nxd4 Nf6 5. Nc3 a6 6. g3 e5 7. Nde2 h5 8. h3 Be6 9. Bg2 Nbd7 10. a4 Rc8 11. O-O Qc7 12. a5 Be7 13. Kh2 g6 14. Be3 O-O 15. f4 Rfe8 16. f5 Bc4 17. fxg6 fxg6 18. Rf2 Kg7 19. Ng1 Rf8 20. Nf3 Nh7 21. Qd2 Rf7 22. Nd5 Bxd5 23. exd5 Ndf6 24. Nh4 Ng8 25. Rxf7+ Kxf7 26. Be4 Bxh4 27. gxh4 Nhf6 28. Rf1 Kg7 29. Bh6+ Nxh6 30. Rxf6 Kxf6 31. Qg5+ Kf7 32. Qxg6+ Ke7 33. Qg5+ Ke8 34. Qxh6 Qe7 35. Qh8+ Qf8 36. Bg6+ Ke7 37. Qh7+ Kd8 38. Bf5 Rc7 39. Qxh5 Rf7 40. Qg5+ Kc7 41. Be4 Rf2+ 42. Bg2 e4 43. h5 Qf4+ 44. Qxf4 Rxf4 45. Kg3 e3 46. Bf3 Rf5 47. Be2 Kd8 48. h6 Ke7 49. h7 Rf8 50. Bd3 Kd7 51. h4 Ke7 52. h5 Kf6 53. h6 Kg5 0-1


[Site "https://www.chess.com"]

[Event "Titled Tuesday Blitz April 26 Early 2022"]
[White "Jaskolka, Tomasz"]
[Black "Terzi, Alexei"]
[WhiteFideId "1170791"]
[BlackFideId "13505076"]
[WhiteElo "2073"]
[BlackElo "2031"]
[Result "1-0"]
[Round "11"]
[TimeControl "180+1"]
[Date "2022.04.26"]
[WhiteClock "0:00:21"]
[BlackClock "0:00:20"]

1. d4 Nf6 2. c4 c5 3. e3 g6 4. g3 Bg7 5. Bg2 O-O 6. Ne2 cxd4 7. exd4 d5 8. b3 e5 9. dxe5 Ng4 10. Bb2 Nxe5 11. Nbc3 dxc4 12. O-O Nbc6 13. Kh1 Bg4 14. Nd5 cxb3 15. axb3 Re8 16. f3 Bf5 17. f4 Ng4 18. Bxg7 Kxg7 19. Qd2 Be4 20. Nec3 Bxg2+ 21. Qxg2 Ne3 22. Nxe3 Rxe3 23. Nd5 Rd3 24. Rad1 Rxd1 25. Rxd1 Qd6 26. g4 Rd8 27. g5 f6 28. gxf6+ Kf8 29. Qg5 Qd7 30. Qh6+ Kg8 31. Ne3 Qf7 32. Rg1 Qxf6 33. f5 Qg7 34. Qh4 Rd6 35. fxg6 Rxg6 36. Rf1 Qe7 37. Qc4+ Kg7 38. Nf5+ Kf6 39. Nxe7+ Kxe7 40. Qf7+ Kd6 41. Rf6+ Rxf6 42. Qxf6+ Kc5 43. Qf2+ Kb4 44. Qf4+ Kxb3 45. Qe3+ Kb4 46. Qe4+ Kb5 47. Qxh7 a5 48. Qd3+ Kc5 49. h4 b5 50. h5 Ne5 51. Qc3+ Kd5 52. Qxa5 Nd3 53. Qxb5+ Ke4 54. Qxd3+ Kxd3 55. h6 Ke4 56. h7 Kf5 57. h8=Q Kg6 58. Qh2 Kf7 59. Qg2 Kf8 60. Kg1 Kf7 61. Kf2 Ke6 62. Kf3 Kf5 63. Qg3 Ke6 64. Kf4 Kf7 65. Qg5 Kf8 66. Kf5 Kf7 67. Qf6+ Ke8 68. Qg7 Kd8 69. Qb7 Ke8 70. Qc7 Kf8 71. Kf6 Kg8 72. Qg7# 1-0


[Site "https://www.chess.com"]

[Event "Titled Tuesday Blitz April 26 Early 2022"]
[White "Jumabayev, Rinat"]
[Black "Schekachikhin, Maksim"]
[WhiteFideId "13702661"]
[BlackFideId "24177830"]
[WhiteElo "2561"]
[BlackElo "2230"]
[Result "1-0"]
[Round "11"]
[TimeControl "180+1"]
[Date "2022.04.26"]
[WhiteClock "0:01:59"]
[BlackClock "0:01:26"]

1. d4 d5 2. c4 e6 3. Nf3 a6 4. Bg5 Be7 5. Bxe7 Qxe7 6. Nbd2 Nf6 7. g3 O-O 8. Bg2 c6 9. O-O Nbd7 10. Qc2 b6 11. cxd5 cxd5 12. Qc7 Qd8 13. Rfc1 Qxc7 14. Rxc7 Ne8 15. Rc2 Bb7 16. Ne5 Nxe5 17. dxe5 f6 18. f4 Rc8 19. Rac1 Rxc2 20. Rxc2 Kf7 21. Nc4 b5 22. Na5 Ba8 23. Rc8 Ke7 24. Rxa8 1-0


[Site "https://www.chess.com"]

[Event "Titled Tuesday Blitz April 26 Early 2022"]
[White "Kamsky, Gata"]
[Black "Harshavardhan G B"]
[WhiteFideId "2000024"]
[BlackFideId "25059009"]
[WhiteElo "2645"]
[BlackElo "1831"]
[Result "0-1"]
[Round "11"]
[TimeControl "180+1"]
[Date "2022.04.26"]
[WhiteClock "0:00:01"]
[BlackClock "0:00:04"]

1. d4 Nf6 2. Nf3 g6 3. Bg5 Bg7 4. c3 O-O 5. Nbd2 d6 6. e4 h6 7. Bh4 c5 8. d5 Nbd7 9. a4 b6 10. Bd3 a6 11. O-O Rb8 12. Qe2 Ra8 13. Nc4 Bb7 14. Na3 Qc7 15. Rad1 Rfe8 16. Bc4 Kh7 17. Qc2 e6 18. dxe6 Bxe4 19. exd7 Bxc2 20. dxe8=N Rxe8 21. Nxc2 Re4 22. Ne3 Ng4 23. Bxa6 Nxe3 24. fxe3 Rxa4 25. Bd3 d5 26. Bc2 Ra2 27. Bb3 Rxb2 28. Bxd5 b5 29. e4 c4 30. e5 Qc5+ 31. Bf2 Qe7 32. Bg3 b4 33. cxb4 c3 34. Bxf7 c2 35. Rc1 Qxb4 36. Nh4 g5 37. Bg6+ Kh8 38. Bxc2 gxh4 39. Bf2 Bxe5 40. Kh1 Kg7 41. h3 Qb5 42. Be4 Qd7 43. Bf3 Rb4 44. Rb1 Rxb1 45. Rxb1 Qd3 0-1


[Site "https://www.chess.com"]

[Event "Titled Tuesday Blitz April 26 Early 2022"]
[White "Karolczuk, Iwo"]
[Black "Oparin, Grigoriy"]
[WhiteFideId "21816972"]
[BlackFideId "24125890"]
[WhiteElo "2277"]
[BlackElo "2665"]
[Result "0-1"]
[Round "11"]
[TimeControl "180+1"]
[Date "2022.04.26"]
[WhiteClock "0:00:21"]
[BlackClock "0:02:07"]

1. d4 Nf6 2. Nf3 e6 3. e3 b6 4. Bd3 Bb7 5. O-O d5 6. b3 Bd6 7. c4 O-O 8. cxd5 exd5 9. Ba3 c5 10. Nc3 a6 11. dxc5 bxc5 12. Na4 Nbd7 13. Rc1 Qe7 14. Bf5 Rfd8 15. Qc2 g6 16. Bh3 d4 17. Nd2 Qe5 18. g3 Qh5 19. Bg2 Bxg2 20. Kxg2 dxe3 21. Nf3 exf2 22. Rxf2 Ng4 23. Re2 Nde5 24. Nxe5 Qxh2+ 25. Kf3 Nxe5+ 26. Kf4 Nd3+ 0-1


[Site "https://www.chess.com"]

[Event "Titled Tuesday Blitz April 26 Early 2022"]
[White "Kejzar, Petra"]
[Black "Ovezdurdyyeva, Jemal"]
[WhiteFideId "14610213"]
[BlackFideId "14001888"]
[WhiteElo "2003"]
[BlackElo "1946"]
[Result "0-1"]
[Round "11"]
[TimeControl "180+1"]
[Date "2022.04.26"]
[WhiteClock "0:00:04"]
[BlackClock "0:00:21"]

1. e4 d6 2. d4 Nf6 3. Nc3 g6 4. Nf3 c6 5. Be3 b5 6. Bd3 b4 7. Ne2 Bg7 8. Qd2 a5 9. Ng3 Ng4 10. Bg5 h6 11. Bf4 e5 12. Be3 Nxe3 13. fxe3 Bg4 14. O-O Bxf3 15. Rxf3 exd4 16. Raf1 dxe3 17. Qxe3 O-O 18. h4 Qxh4 19. e5 Bxe5 20. c3 bxc3 21. bxc3 Bxc3 22. Rf4 Qg5 23. Ne4 Qe5 24. Nf6+ Kg7 25. Qg3 Qc5+ 26. Kh1 Qg5 27. Rg4 Bxf6 28. Rxg5 hxg5 29. Qxd6 Bc3 30. Bxg6 Na6 31. Bc2 Rad8 32. Rxf7+ Rxf7 33. Qxd8 Bf6 34. Kg1 Bxd8 0-1


[Site "https://www.chess.com"]

[Event "Titled Tuesday Blitz April 26 Early 2022"]
[White "Kozak, Antoni"]
[Black "Zia, Tahsin Tajwar"]
[WhiteFideId "21832030"]
[BlackFideId "10211888"]
[WhiteElo "2236"]
[BlackElo "1800"]
[Result "1-0"]
[Round "11"]
[TimeControl "180+1"]
[Date "2022.04.26"]
[WhiteClock "0:01:58"]
[BlackClock "0:00:21"]

1. d4 Nf6 2. Nf3 e6 3. e3 d5 4. Bd3 Bd6 5. b3 O-O 6. Bb2 b6 7. Nbd2 Bb7 8. Qe2 Nbd7 9. e4 dxe4 10. Nxe4 Nxe4 11. Bxe4 Bxe4 12. Qxe4 Nf6 13. Qe2 c5 14. O-O Qc7 15. c4 Rfd8 16. Rad1 cxd4 17. Bxd4 Be7 18. g3 Rd7 19. Be5 Qb7 20. Rxd7 Qxd7 21. Rd1 Qb7 22. h3 Rd8 23. Rxd8+ Bxd8 24. Qd3 Qd7 25. Qxd7 Nxd7 26. Kf1 f6 27. Bd6 e5 28. Ke2 Kf7 29. g4 Ke6 30. Ba3 Be7 31. Bxe7 Kxe7 32. Ke3 Ke6 33. Nd2 g6 34. Ne4 h6 35. b4 f5 36. gxf5+ gxf5 37. Nc3 f4+ 38. Kd3 Nf6 39. Nb5 e4+ 40. Kd4 Kf5 41. Nd6+ Kg5 42. Nxe4+ Nxe4 43. Kxe4 Kh4 44. c5 Kxh3 45. c6 Kg2 46. c7 f3 47. Ke3 h5 48. c8=Q h4 49. Qg4+ Kf1 50. Qxh4 b5 51. Kxf3 Ke1 52. Ke3 a5 53. Qh1# 1-0


[Site "https://www.chess.com"]

[Event "Titled Tuesday Blitz April 26 Early 2022"]
[White "Lakshmi C"]
[Black "Polster, Christian"]
[WhiteFideId "25035347"]
[BlackFideId "12965081"]
[WhiteElo "1775"]
[BlackElo "2274"]
[Result "0-1"]
[Round "11"]
[TimeControl "180+1"]
[Date "2022.04.26"]
[WhiteClock "0:00:02"]
[BlackClock "0:00:05"]

1. e4 c5 2. Nf3 d6 3. d4 cxd4 4. Nxd4 Nf6 5. Nc3 a6 6. a4 g6 7. Be2 Bg7 8. O-O O-O 9. Nb3 Nc6 10. Bg5 Be6 11. f4 Rc8 12. f5 Bxb3 13. cxb3 Ne5 14. Be3 Qa5 15. Rc1 Qb4 16. Bd4 Nxe4 17. Nd5 Qxd4+ 18. Qxd4 Nf3+ 19. gxf3 Bxd4+ 20. Kg2 Rxc1 21. Rxc1 Nc5 22. Nxe7+ Kg7 23. Bc4 Re8 24. Nd5 Re5 25. fxg6 hxg6 26. b4 Ne6 27. Rd1 Bxb2 28. b5 axb5 29. axb5 Rg5+ 30. Kf1 Bd4 31. Ke2 Rg2+ 32. Kd3 Bc5 33. h4 Rh2 34. Ne7 Rxh4 35. Bxe6 Rd4+ 36. Kc2 Rxd1 37. Kxd1 fxe6 38. Nc8 Kf7 39. Kc2 Ke8 0-1


[Site "https://www.chess.com"]

[Event "Titled Tuesday Blitz April 26 Early 2022"]
[White "Laohawirapap, Prin"]
[Black "Cunha, Lucas Aguiar"]
[WhiteFideId "6205003"]
[BlackFideId "2125404"]
[WhiteElo "1832"]
[BlackElo "2361"]
[Result "0-1"]
[Round "11"]
[TimeControl "180+1"]
[Date "2022.04.26"]
[WhiteClock "0:01:57"]
[BlackClock "0:02:30"]

1. e4 c5 2. Nf3 e6 3. d4 cxd4 4. Nxd4 Nc6 5. Nc3 Qc7 6. Be3 a6 7. a3 Nf6 8. f3 b5 9. Qd2 Bb7 10. Nxc6 Bxc6 11. O-O-O b4 12. axb4 Bxb4 13. Bd4 e5 14. Be3 Qa5 15. Qd3 Bb5 0-1


[Site "https://www.chess.com"]

[Event "Titled Tuesday Blitz April 26 Early 2022"]
[White "Lauridsen, Jesper Morch"]
[Black "Mohammadian, Mohammad"]
[WhiteFideId "1401890"]
[BlackFideId "12566055"]
[WhiteElo "2282"]
[BlackElo "1544"]
[Result "1-0"]
[Round "11"]
[TimeControl "180+1"]
[Date "2022.04.26"]
[WhiteClock "0:01:34"]
[BlackClock "0:00:01"]

1. e4 e5 2. Nf3 Nc6 3. Bb5 a6 4. Bxc6 dxc6 5. O-O Bd6 6. d4 exd4 7. Qxd4 Bg4 8. Qxg7 Qf6 9. Qxg4 Ne7 10. e5 Bxe5 11. Bg5 Qg7 12. Nxe5 Qxe5 13. Bxe7 Qxe7 14. Nc3 Kf8 15. Rae1 Qd6 16. Ne4 Qg6 17. Qd7 Rg8 18. Ng3 h5 19. h4 Kg7 20. Re5 Qxc2 21. Rg5+ Kh7 22. Qxf7+ Rg7 23. Qxg7# 1-0


[Site "https://www.chess.com"]

[Event "Titled Tuesday Blitz April 26 Early 2022"]
[White "Li, Ben"]
[Black "Vovk, Orest"]
[WhiteFideId "2089980"]
[BlackFideId "14113490"]
[WhiteElo "2267"]
[BlackElo "2203"]
[Result "1-0"]
[Round "11"]
[TimeControl "180+1"]
[Date "2022.04.26"]
[WhiteClock "0:00:12"]
[BlackClock "0:00:22"]

1. d4 d6 2. e4 Nd7 3. c4 e5 4. d5 Ngf6 5. Nc3 Be7 6. Nf3 Nc5 7. Qc2 a5 8. h3 O-O 9. Be3 b6 10. Nd2 Nh5 11. g3 Bg5 12. Bxg5 Qxg5 13. h4 Qg6 14. Bd3 f5 15. exf5 Bxf5 16. Bxf5 Rxf5 17. Nde4 Rxf2 18. Kxf2 Rf8+ 19. Ke1 Nxg3 20. Qg2 Nd3+ 21. Kd2 Nxe4+ 22. Qxe4 Rf2+ 23. Kxd3 Qg3+ 24. Qe3 Rf3 25. Qxf3 Qxf3+ 26. Kc2 c6 27. Rad1 cxd5 28. cxd5 b5 29. Rhe1 b4 30. Ne4 Qg2+ 31. Kb1 a4 32. Rd2 Qg6 33. Ka1 b3 34. Rd3 bxa2 35. Kxa2 h6 36. Ree3 Kh7 37. Nc3 Qg4 38. Re4 Qg1 39. Rxa4 Qb6 40. Ra3 Qb7 41. Ne4 Qb6 42. h5 Qc7 43. Rdc3 Qb7 44. Rc6 Qb8 45. Nxd6 Qg8 46. Rd3 Qa8+ 47. Kb1 Qd8 48. Ne4 Qh4 49. Nc3 Qh1+ 50. Ka2 e4 51. Rd4 e3 52. Re6 Qf3 53. Rde4 Qf7 54. Rxe3 Qa7+ 55. Kb1 Qd4 56. d6 Qd2 57. R3e5 Qd4 58. Re4 Qg1+ 59. Ka2 Qa7+ 60. Kb3 Qb6+ 61. Kc2 Qf2+ 62. Re2 Qf5+ 63. Kb3 Qf3 64. R6e3 Qb7+ 65. Kc2 Qc6 66. Rd3 Qd7 67. Re7 Qd8 68. d7 Qxe7 69. d8=Q Qg5 70. Qxg5 hxg5 71. Rg3 Kh6 72. Ne4 Kxh5 73. Rxg5+ Kh6 74. Rxg7 Kxg7 75. Kd3 Kf7 76. Kd4 Ke7 77. Kc5 Kd7 78. b4 Kc8 79. b5 Kb8 80. b6 Kb7 81. Kb5 Kb8 82. Kc6 Kc8 83. Nc3 Kb8 84. b7 Ka7 85. Kc7 Ka6 86. Nd1 Ka5 87. b8=Q Ka4 88. Qb2 Ka5 89. Qb3 Ka6 90. Qa4# 1-0


[Site "https://www.chess.com"]

[Event "Titled Tuesday Blitz April 26 Early 2022"]
[White "Ljukin, Sergei"]
[Black "Omariev, Maksim"]
[WhiteFideId "14102200"]
[BlackFideId "4193423"]
[WhiteElo "2312"]
[BlackElo "2491"]
[Result "0-1"]
[Round "11"]
[TimeControl "180+1"]
[Date "2022.04.26"]
[WhiteClock "0:00:02"]
[BlackClock "0:00:12"]

1. e4 h5 2. d4 h4 3. h3 c6 4. Bd3 d5 5. e5 Nh6 6. Nf3 Nf5 7. c3 c5 8. O-O Nc6 9. dxc5 g6 10. Bf4 a5 11. Nbd2 e6 12. Bg5 Be7 13. Bxe7 Qxe7 14. Nb3 a4 15. Nbd4 Qxc5 16. Nb5 Nce7 17. Nfd4 Bd7 18. Qe2 Bxb5 19. Nxb5 Kf8 20. b4 Qb6 21. Qd2 Rh5 22. Be2 Rh8 23. Rac1 Rc8 24. a3 Kg7 25. Qg5 Rhd8 26. Qf6+ Kg8 27. Rfd1 Rd7 28. Nd4 Qd8 29. Nb5 Nc6 30. Qxd8+ Rcxd8 31. Bg4 Nxe5 32. Bxf5 gxf5 33. Rd4 Ng6 34. Rcd1 e5 35. R4d2 f6 36. f3 Kf7 37. Kf2 Nf4 38. c4 d4 39. Nc3 Ke6 40. Nxa4 Rc7 41. Nb6 Rg8 42. Kf1 Rc6 43. c5 Rxb6 44. cxb6 Nd5 45. Rc2 Ne3+ 46. Ke2 Nxc2 47. Rc1 Nxa3 48. Rc7 Rb8 49. Kd3 Nb5 50. Rh7 Nd6 51. Rxh4 Rc8 52. Rh7 Rc3+ 53. Kd2 e4 54. h4 Nc4+ 55. Ke2 Rc2+ 0-1


[Site "https://www.chess.com"]

[Event "Titled Tuesday Blitz April 26 Early 2022"]
[White "Lopez, Henry"]
[Black "Cramling Bellon, Anna"]
[WhiteFideId "5203830"]
[BlackFideId "32009232"]
[WhiteElo "2177"]
[BlackElo "1905"]
[Result "1-0"]
[Round "11"]
[TimeControl "180+1"]
[Date "2022.04.26"]
[WhiteClock "0:01:21"]
[BlackClock "0:00:01"]

1. d4 Nf6 2. Nf3 e6 3. c4 d5 4. Nc3 Bb4 5. Qa4+ Nc6 6. Ne5 Bd7 7. Nxd7 Qxd7 8. e3 Ne4 9. Qc2 O-O 10. Bd3 f5 11. O-O Be7 12. a3 a6 13. cxd5 exd5 14. Nxd5 Kh8 15. Nxe7 Qxe7 16. f3 Nd6 17. b4 f4 18. d5 Ne5 19. exf4 Nxd3 20. Qxd3 Qf6 21. Rb1 Nb5 22. Bb2 Qxf4 23. Rbe1 Rad8 24. Re7 Rg8 25. Rfe1 Qd6 26. a4 Qb6+ 27. Kh1 Nd6 28. Qc3 Nf5 29. Rxc7 Qg6 30. Rxb7 Qh6 31. Kg1 Qg6 32. Qe5 Nh4 33. Qg3 Qh5 34. Bxg7+ Rxg7 35. Qxg7# 1-0


[Site "https://www.chess.com"]

[Event "Titled Tuesday Blitz April 26 Early 2022"]
[White "Maksimovic, Bojan"]
[Black "Ibrahimli, Murad"]
[WhiteFideId "14408120"]
[BlackFideId "13410229"]
[WhiteElo "2448"]
[BlackElo "2109"]
[Result "0-1"]
[Round "11"]
[TimeControl "180+1"]
[Date "2022.04.26"]
[WhiteClock "0:00:01"]
[BlackClock "0:00:03"]

1. d4 Nf6 2. c4 e6 3. Nf3 d5 4. g3 dxc4 5. Bg2 Nc6 6. e3 Rb8 7. O-O Be7 8. Qc2 b5 9. b3 Nb4 10. Qe2 O-O 11. bxc4 bxc4 12. Nc3 c5 13. Rd1 Qa5 14. Ne5 cxd4 15. Nxc4 Qa6 16. Rxd4 Bb7 17. Bxb7 Rxb7 18. Ba3 Rc8 19. Bxb4 Rxb4 20. Ne5 Qxe2 21. Nxe2 Rb2 22. Nf4 g5 23. Nfd3 Rbc2 24. Rb1 R8c7 25. Rb8+ Kg7 26. h4 h6 27. hxg5 hxg5 28. a4 Ra2 29. Rb1 Nd5 30. Rf1 Nc3 31. Rg4 f5 32. Rc4 Rxc4 33. Nxc4 Rxa4 34. Nce5 Bf6 35. Kg2 Bxe5 36. Nxe5 g4 37. Rc1 Ne4 38. Rc7+ Kf6 39. Nd7+ Ke7 40. Rb7 Kd6 41. Nf8 Ra2 42. Rd7+ Ke5 43. Re7 Rxf2+ 44. Kg1 Rf3 45. Rxe6+ Kd5 46. Ra6 Rxg3+ 47. Kf1 Rxe3 48. Rxa7 Rf3+ 49. Ke2 Rf2+ 50. Kd3 g3 51. Ra5+ Kc6 52. Ra1 g2 53. Rg1 Kd5 54. Ng6 Kc5 55. Ke3 Ra2 56. Nh4 Ra3+ 57. Kf4 Kd5 58. Nxf5 Nd2 59. Rxg2 Rf3+ 60. Kg4 Rd3 61. Ng3 Nc4 62. Nf1 Ne5+ 63. Kg5 Kd4 64. Rd2 Nf3+ 0-1


[Site "https://www.chess.com"]

[Event "Titled Tuesday Blitz April 26 Early 2022"]
[White "Manukian, Artak"]
[Black "Sargissyan, Sargis"]
[WhiteFideId "13301373"]
[BlackFideId "13303210"]
[WhiteElo "2336"]
[BlackElo "2174"]
[Result "0-1"]
[Round "11"]
[TimeControl "180+1"]
[Date "2022.04.26"]
[WhiteClock "0:00:13"]
[BlackClock "0:00:25"]

1. e4 c5 2. Nf3 d6 3. Bb5+ Nd7 4. O-O a6 5. Bd3 Ngf6 6. a4 g6 7. Re1 Bg7 8. c3 Ne5 9. Nxe5 dxe5 10. Bf1 O-O 11. d3 c4 12. Bg5 cxd3 13. Qxd3 Be6 14. Nd2 Qc7 15. Nc4 Rfd8 16. Qe2 h6 17. Bxf6 Bxf6 18. a5 Bg5 19. Nb6 Rab8 20. Red1 Rxd1 21. Rxd1 Rd8 22. g3 h5 23. h4 Bh6 24. Rd3 Kg7 25. b4 Rd6 26. Rxd6 Qxd6 27. Qd3 Qxd3 28. Bxd3 Bd2 29. Na4 Bd7 30. Nc5 Bc6 31. b5 axb5 32. a6 bxa6 33. Nxa6 Bxc3 34. f3 b4 35. Nc5 Bd4+ 36. Kf1 Bxc5 37. Ke2 b3 38. Kd1 Bd4 39. Kc1 b2+ 40. Kb1 Ba4 41. Bc2 Bxc2+ 42. Kxc2 f5 0-1


[Site "https://www.chess.com"]

[Event "Titled Tuesday Blitz April 26 Early 2022"]
[White "Martin Carmona, Gaston Manuel"]
[Black "Nguyen, Hong Anh"]
[WhiteFideId "22284567"]
[BlackFideId "12406732"]
[WhiteElo "2146"]
[BlackElo "2016"]
[Result "1-0"]
[Round "11"]
[TimeControl "180+1"]
[Date "2022.04.26"]
[WhiteClock "0:00:10"]
[BlackClock "0:00:16"]

1. d4 Nf6 2. Nf3 g6 3. c4 Bg7 4. Nc3 d5 5. h4 c5 6. dxc5 Qa5 7. cxd5 O-O 8. Bd2 Qxc5 9. Rc1 Nxd5 10. e3 Nf6 11. Ne4 Qb6 12. Ng3 Nc6 13. Bc3 Rd8 14. Qc2 Bg4 15. Be2 Nb4 16. Qb1 Bxf3 17. gxf3 Rac8 18. Kf1 Nbd5 19. Bd4 Qd6 20. f4 Nxf4 21. Rxc8 Rxc8 22. Bf3 N4d5 23. b3 e5 24. Bb2 Nc3 25. Qc2 Qa6+ 26. Kg2 b5 27. a3 Na4 28. Qe2 Nxb2 29. Qxb2 e4 30. Be2 Qb7 31. Qb1 a6 32. Rc1 Re8 33. b4 Nd5 34. Rc5 Nc3 35. Qc2 Nxe2 36. Qxe2 Qe7 37. h5 Qh4 38. hxg6 hxg6 39. Rc6 Be5 40. Rxa6 Kg7 41. Qxb5 Re7 42. Qd5 Bxg3 43. fxg3 Qg4 44. Qd2 Qf3+ 45. Kh2 Re5 46. Ra5 Qh5+ 47. Kg2 Qf3+ 48. Kh2 Re8 49. Qb2+ Kg8 50. Rc5 Qxe3 51. Rc2 Qh6+ 52. Kg2 e3 53. Re2 Qh5 54. Qc2 Qd5+ 55. Kg1 Qf3 56. Qd3 Rc8 57. Qxe3 Qf5 58. Kg2 Qd5+ 59. Qf3 Qc4 60. Rf2 Rc7 61. Qf4 Qd5+ 62. Qf3 Qc4 63. Qf4 Qb3 64. Qf3 Rc3 65. Qa8+ Kg7 66. Qe4 Rxg3+ 67. Kh2 Rh3+ 68. Kg1 Qg3+ 69. Rg2 Qc3 70. Kf2 Rd3 71. Kg1 Rd1+ 72. Kh2 Rd6 73. Qg4 Re6 74. Qg3 Re3 75. Qf4 Rd3 76. Qe4 Rd6 77. Qe2 Re6 78. Qb2 Re3 79. b5 Qxb2 80. Rxb2 Rxa3 81. b6 Ra8 82. b7 Rb8 83. Kg3 Kf6 84. Rb6+ Ke7 85. Kf4 Kd7 86. Ke5 Kc7 87. Rf6 Rf8 88. Kf4 Kxb7 89. Kg5 Kc7 90. Kh6 Kd7 91. Kg7 Ke7 92. Rf1 g5 93. Re1+ Kd6 94. Kxf8 f5 95. Kf7 f4 96. Kf6 g4 97. Kf5 1-0


[Site "https://www.chess.com"]

[Event "Titled Tuesday Blitz April 26 Early 2022"]
[White "Martinez Alcantara, Jose Eduardo"]
[Black "Xiong, Jeffery"]
[WhiteFideId "3805662"]
[BlackFideId "2047640"]
[WhiteElo "2690"]
[BlackElo "2727"]
[Result "1-0"]
[Round "11"]
[TimeControl "180+1"]
[Date "2022.04.26"]
[WhiteClock "0:00:06"]
[BlackClock "0:00:46"]

1. e4 c5 2. Nf3 d6 3. Bb5+ Nc6 4. O-O Bd7 5. Re1 Nf6 6. h3 Ne5 7. Bxd7+ Qxd7 8. d3 e6 9. Nxe5 dxe5 10. Nd2 Bd6 11. a4 Bc7 12. Qf3 O-O 13. Nc4 Ne8 14. a5 Rb8 15. Be3 b5 16. axb6 axb6 17. Ra7 Qc6 18. Rea1 f6 19. Qg4 Rf7 20. Qh5 Re7 21. Bd2 Bd8 22. f4 exf4 23. Bxf4 Rc8 24. Rxe7 Bxe7 25. Ra7 g6 26. Qf3 Bd8 27. e5 Qxf3 28. gxf3 fxe5 29. Bxe5 b5 30. Nd2 c4 31. Rb7 cxd3 32. cxd3 Rc1+ 33. Nf1 Bh4 34. Rxb5 Nf6 35. Rb4 Nd5 36. Rxh4 Ne3 37. Kf2 Nxf1 38. Rc4 Rb1 39. Ke2 h5 40. h4 Nh2 41. Rc2 Nf1 42. b4 g5 43. hxg5 h4 44. Rc4 h3 45. Rh4 h2 46. Kf2 Kf7 47. Rh6 Ne3 48. g6+ Ke7 49. Rh7+ Ke8 50. Rxh2 Nf5 51. Rh8+ Ke7 52. g7 1-0


[Site "https://www.chess.com"]